Match 33986425
Unlisted

Match 33986425
End
Construct Infanterie Kompanie
Kettenkrad Recon Vehicle
Selects Mechanized Battlegroup
MG 42 Machine Gun Team
Grenadier Squad
Grenadier Squad
GrW 34 Mortar Team
Medical Station
Construct Luftwaffe Kompanie
Jäger Squad
Selects Mobile Repair Stations
Support Elements
Jäger Squad
Microsoft Office PowerPoint
Microsoft Office Excel
Microsoft Office Word
King_Bird
Lysol
ArT
0
0

Comments sign in to comment!

No comments posted yet!